 Dungeon Crawl Stone Soup version 0.18.1-48-g4cf74bf (webtiles) character file.

737 Galewin the Cleaver (level 7, -1/57 HPs)
             Began as a Minotaur Berserker on July 11, 2016.
             Was an Elder of Trog.
             Slain by Pikel
             ... wielding a +1 whip of freezing
              (4 damage)
             ... on level 5 of the Dungeon.
             The game lasted 00:07:20 (2617 turns).

Galewin the Cleaver (Minotaur Berserker)            Turns: 2617, Time: 00:07:22

Health: -1/57      AC:  6    Str: 23    XL:     7   Next: 46%
Magic:  6/6        EV: 10    Int:  4    God:    Trog [****..]
Gold:   152        SH:  0    Dex: 10    Spells: 0 memorised, 6 levels left

rFire  . . .     SeeInvis .     r - +0 war axe
rCold  . . .     Gourm    .     f - +0 scale mail
rNeg   . . .     Faith    .     (no shield)
rPois  .         Spirit   .     (helmet restricted)
rElec  .         Dismiss  .     (no cloak)
rCorr  .         Reflect  .     (no gloves)
SustAt .         Harm     .     (no boots)
MR     .....                    (no amulet)
Stlth  ..........               (no ring)
                                (no ring)

@: exhausted, slowed, very slow, not resistant to hostile enchantments,
extremely unstealthy
A: retaliatory headbutt, horns 2
a: Berserk, Trog's Hand, Brothers in Arms, Burn Spellbooks, Renounce Religion


You were on level 5 of the Dungeon.
You worshipped Trog.
Trog was greatly pleased with you.
You were not hungry.

You visited 1 branch of the dungeon, and saw 5 of its levels.

You collected 152 gold pieces.

Inventory:

Hand Weapons
 r - a +0 war axe (weapon)
Armour
 f - a +0 scale mail (worn)
Jewellery
 p - an uncursed ring of protection from cold
Scrolls
 a - a scroll of blinking {unknown}
 b - a scroll of identify
 d - 3 scrolls of teleportation
 g - 2 scrolls of amnesia
 k - a scroll of silence {unknown}
Potions
 e - a potion of heal wounds {unknown}
 h - a potion of curing {unknown}
 i - a potion of lignification {unknown}
 j - a potion of agility {unknown}
 l - 3 potions of haste {unknown}
 o - a potion of mutation {unknown}
Comestibles
 c - 5 bread rations
 m - 3 slices of pizza


   Skills:
 - Level 3.6 Fighting
 + Level 10.5 Axes
 - Level 2.4 Armour
 - Level 2.1 Dodging


You had 6 spell levels left.
You didn't know any spells.

Dungeon Overview and Level Annotations

Branches:
Dungeon (5/15)
 Temple: D:4-7

Altars:
Cheibriados
Okawaru
Qazlal

Annotations:
D:5 Pikel


Innate Abilities, Weirdness & Mutations

You reflexively headbutt those who attack you in melee.
You have a pair of horns on your head.


Message History

Pikel is lightly wounded.
Pikel drinks a potion.
Pikel seems to grow stronger.
Pikel completely misses you. You furiously retaliate!
You headbutt Pikel. You hit Pikel.
Pikel is moderately wounded.
Pikel hits you with a whip of freezing. Pikel freezes you.
You closely miss Pikel. Your headbutt misses Pikel.
Pikel is moderately wounded.
Pikel hits you but does no damage. x2
Your scale mail prevents you from hitting Pikel.
You headbutt Pikel.
Pikel is moderately wounded.
Pikel closely misses you.
You barely miss Pikel. Your headbutt misses Pikel.
Pikel is moderately wounded.
Pikel closely misses you. You furiously retaliate!
You headbutt Pikel, but do no damage. Pikel hits you with a whip of freezing!
* * * LOW HITPOINT WARNING * * *
Pikel freezes you.
You die...

# #. #.##.# #.#..##
#..#..# ####.#...#
....#...# #
#..#...########.#
####..#.....[...@Kp#
......†..#########......
####..#.## #####
......#.# .##.....#
<.#..#.#########
......_........#.
..#..#.#.........
.##.##..###.....


You could see Pikel and a slave.

Vanquished Creatures
  The ghost of daning the Charmwright, an amateur HESk (D:4)
  Menkaure (D:4)
  3 slaves (D:5)
  5 orc wizards (D:3)
  3 worker ants
  A hound skeleton (D:4)
  Robin (D:3)
  3 gnolls (D:2)
  3 adders
  A shadow imp (D:4)
  2 oozes
  8 worms
  2 dart slugs
  A giant gecko (D:3)
  14 orcs (D:3)
  2 ball pythons
  3 giant cockroaches (D:2)
  16 goblins
  10 hobgoblins
  3 jackals (D:1)
  8 kobolds
  A quokka (D:2)
  4 bats (D:3)
  5 giant newts
  A quokka zombie (D:5)
  4 rats
106 creatures vanquished.

Notes
Turn   | Place    | Note
--------------------------------------------------------------
     0 | D:1      | Galewin the Minotaur Berserker began the quest for the Orb.
     0 | D:1      | Reached XP level 1. HP: 19/19 MP: 0/0
    35 | D:1      | Reached skill level 4 in Axes
   139 | D:1      | Reached XP level 2. HP: 25/26 MP: 1/1
   661 | D:2      | Reached ** piety under Trog
   679 | D:2      | Reached skill level 5 in Axes
   705 | D:2      | Reached XP level 3. HP: 31/31 MP: 2/2
   841 | D:2      | Reached XP level 4. HP: 36/39 MP: 3/3
   872 | D:2      | Reached skill level 6 in Axes
  1115 | D:2      | Found an iron altar of Okawaru.
  1357 | D:3      | Noticed Robin
  1359 | D:3      | Reached XP level 5. HP: 45/45 MP: 4/4
  1360 | D:3      | Reached skill level 7 in Axes
  1361 | D:3      | Reached *** piety under Trog
  1369 | D:3      | Killed Robin
  1414 | D:3      | Reached skill level 8 in Axes
  1423 | D:3      | Reached XP level 6. HP: 28/51 MP: 5/5
  1565 | D:3      | Reached **** piety under Trog
  2014 | D:4      | Found a snail-covered altar of Cheibriados.
  2231 | D:4      | Noticed daning's ghost (amateur HESk)
  2240 | D:4      | Killed daning's ghost
  2240 | D:4      | Reached skill level 9 in Axes
  2240 | D:4      | Reached XP level 7. HP: 54/57 MP: 6/6
  2272 | D:4      | Noticed Menkaure
  2276 | D:4      | Killed Menkaure
  2276 | D:4      | Reached skill level 10 in Axes
  2356 | D:5      | Entered Level 5 of the Dungeon
  2530 | D:5      | Found a stormy altar of Qazlal.
  2607 | D:5      | Noticed Pikel
  2617 | D:5      | Slain by Pikel

Skill      XL: |  1  2  3  4  5  6  7 |
---------------+----------------------+-----
Axes           | 4 5 6 8 9 10 | 10.5
Fighting       | |  3.6
Armour         | |  2.4
Dodging        | |  2.1

Action                   |  1- 3 |  4- 6 |  7- 9 || total
-------------------------+-------+-------+-------++-------
Melee: Hand axe          |    65 |    36 |       ||   101
       Headbutt          |     8 |    21 |     8 ||    37
       War axe           |       |    81 |    44 ||   125
Invok: Berserk           |     2 |     2 |     1 ||     5
  Use: Scroll            |       |     7 |       ||     7
  Eat: Chunk             |     2 |     5 |       ||     7
       Meat ration       |       |       |     1 ||     1
Armor: Scale mail        |    19 |    36 |    12 ||    67
Dodge: Dodged            |    27 |    48 |    15 ||    90
